 Dungeon Crawl Stone Soup version 0.22-a0-282-gdd34a7d (webtiles) character file.

47 Amnesiac the Conjurer (level 3, 0/19 HPs)
             Began as a Tengu Air Elementalist on Mar 17, 2018.
             Succumbed to an adder's poison
             ... on level 2 of the Dungeon.
             The game lasted 00:01:29 (889 turns).

Amnesiac the Conjurer (Tengu Air Elementalist)       Turns: 889, Time: 00:01:30

Health: 0/19       AC:  2    Str: 13    XL:     3   Next: 70%
Magic:  4/7        EV: 12    Int: 16    God:
Gold:   22         SH:  0    Dex: 14    Spells: 2/6 levels left

rFire    . . .     SeeInvis .   l - +0 quarterstaff
rCold    . . .     Gourm    .   (shield currently unavailable)
rNeg     . . .     Faith    .   a - +0 robe
rPois    .         Spirit   .   (helmet restricted)
rElec    .         Reflect  .   (no cloak)
rCorr    .         Harm     .   (no gloves)
MR       .....                  (boots unavailable)
Stlth    ++........             (no amulet)
HPRegen  0.06/turn              (no ring)
MPRegen  0.10/turn              (no ring)

@: mighty, lethally poisoned (0 -> -2), very slightly contaminated, invisible
A: beak, talons 3
a: no special abilities


You were on level 2 of the Dungeon.
You were not hungry.

You visited 1 branch of the dungeon, and saw 2 of its levels.

You collected 22 gold pieces.

Inventory:

Hand Weapons
 l - a +0 quarterstaff (weapon)
Missiles
 h - 64 stones (quivered)
Armour
 a - a +0 robe (worn)
 e - a +0 pair of gloves
Scrolls
 f - a scroll of random uselessness {!r, unknown}
 g - a scroll of teleportation {!r, unknown}
 i - a scroll of remove curse {!r, unknown}
Comestibles
 c - 2 rations
 d - 5 chunks of flesh


   Skills:
 - Level 2.1 Dodging
 - Level 2.0 Stealth
 + Level 2.1 Spellcasting
 * Level 4.3 Conjurations
 * Level 4.2 Air Magic


You had 2 spell levels left.
You knew the following spells:

 Your Spells              Type           Power        Failure   Level  Hunger
a - Shock                 Conj/Air       ###.         3%          1    #......
b - Static Discharge      Conj/Air       ###.....     11%         3    ###....


Dungeon Overview and Level Annotations

Branches:
Dungeon (2/15)

Altars:
Okawaru
Trog


Innate Abilities, Weirdness & Mutations

You have a beak for a mouth.
You have claws for feet.


Message History

Really quaff
b - a brown potion {!q}?
It was a potion of heal wounds {!q}.
You feel much better. The adder barely misses you.
You miss the adder.
The adder is moderately wounded.
You feel sick. The adder barely misses you. The adder closely misses you.
You barely miss the adder.
The adder is moderately wounded.
The adder bites you.
You are lethally poisoned!
The adder poisons you!
You miss the adder.
The adder is moderately wounded.
You feel sick. The adder closely misses you. x2
You closely miss the adder.
The adder is moderately wounded.
You feel sick. The adder bites you.
* * * LOW HITPOINT WARNING * * *
The adder completely misses you.
You thump the adder!
You kill the adder!
* * * LOW HITPOINT WARNING * * *
You feel sick.
Casting: Shock (safe; 3% risk of failure)
Confirm with . or Enter, or press ? or * to list all spells.
You can't see any susceptible monsters within range! (Use Z to cast anyway.)
Casting: Shock (safe; 3% risk of failure)
Confirm with . or Enter, or press ? or * to list all spells.
You can't see any susceptible monsters within range! (Use Z to cast anyway.)
Casting: Shock (safe; 3% risk of failure)
Confirm with . or Enter, or press ? or * to list all spells.
You can't see any susceptible monsters within range! (Use Z to cast anyway.) Really quaff
j - a fuming white potion {!q}?
It was a potion of invisibility {!q}.
You fade into invisibility!
* * * LOW HITPOINT WARNING * * *
You feel sick.
You are very lightly contaminated with residual magic.
There is an open door here.
You see here an adder corpse.
You butcher the adder corpse.
* * * LOW HITPOINT WARNING * * *
You feel sick.
There is an open door here.
You see here 2 chunks of flesh.
d - 5 chunks of flesh (gained 2) Really quaff
k - a lumpy black potion {!q}?
It was a potion of might {!q}.
You feel very mighty all of a sudden.
* * * LOW HITPOINT WARNING * * *
You feel sick.
* * * LOW HITPOINT WARNING * * *
You feel sick.
* * * LOW HITPOINT WARNING * * *
You feel sick.
* * * LOW HITPOINT WARNING * * *
You feel sick.
Found a spear.
* * * LOW HITPOINT WARNING * * *
You feel sick.
You see here a spear.
* * * LOW HITPOINT WARNING * * *
You feel sick.
You die...

#................
#.######......# #.#
#......###. #)#
#.......... #.#
#......##### #.#
###'###..... #.#
#.........
#.########.........
#...@..............
##########.........
##.##########
#............
#.>..........
#..########## #..#
#..# #..#


There were no monsters in sight!

Vanquished Creatures
  2 adders (D:2)
  A worm (D:2)
  2 dart slugs
  A leopard gecko (D:2)
  2 ball pythons (D:1)
  4 hobgoblins
  2 bats (D:2)
  A frilled lizard (D:1)
  4 goblins
  3 kobolds (D:2)
22 creatures vanquished.

Notes
Turn   | Place    | Note
-------+----------+-------------------------------------------
     0 | D:1      | Amnesiac the Tengu Air Elementalist began the quest for the Orb.
     0 | D:1      | Reached XP level 1. HP: 10/10 MP: 4/4
   163 | D:1      | Reached XP level 2. HP: 15/15 MP: 0/6
   283 | D:1      | You fall through a shaft!
   349 | D:2      | Reached XP level 3. HP: 19/19 MP: 1/7
   354 | D:2      | Learned a level 3 spell: Static Discharge
   714 | D:2      | Found an iron altar of Okawaru.
   714 | D:2      | Found a bloodstained altar of Trog.
   889 | D:2      | Succumbed to an adder's poison

Vault maps used:
D:1:      dpeg_arrival_short_road
D:2:      minitemple

Skill      XL: |  1  2  3 |
---------------+----------+-----
Conjurations   | 2 3 4 |  4.3
Dodging        | |  2.1
Stealth        | |  2.0
Spellcasting   | |  2.1
Air Magic      | |  4.2

Action                   || total
-------------------------++-------
Melee: Quarterstaff      ||     7
 Cast: Shock             ||    57
  Use: Potion            ||     3
  Eat: Chunk             ||     1
Armor: Robe              ||     2
Dodge: Dodged            ||    14

Table legend:
 A = Spawn XP
 B = Non-spawn XP
 C = Spawn XP percentage of total XP
 D = Spawn monster count
 E = Non-spawn monster count
 F = Spawn count percentage of total count
 G = Total turns spent on level
                    A         B        C        D         E        F      G
               +---------+---------+-------+---------+---------+-------+---------
         Total |       0 |      68 |   0.0 |       0 |      22 |   0.0 |   889
               +---------+---------+-------+---------+---------+-------+---------
           D:1 |       0 |      14 |   0.0 |       0 |       7 |   0.0 |   283
           D:2 |       0 |      54 |   0.0 |       0 |      15 |   0.0 |   606
               +---------+---------+-------+---------+---------+-------+---------
